 Dungeon Crawl Stone Soup version 0.23-a0-130-g0e7800e (console) character file.

317 nht the Quickloader (level 6, -1/50 HPs)
             Began as a Minotaur Hunter on Aug 27, 2018.
             Was an Initiate of Okawaru.
             Slain by an iguana (5 damage)
             ... on level 5 of the Dungeon.
             The game lasted 00:04:10 (3434 turns).

nht the Quickloader (Minotaur Hunter)               Turns: 3434, Time: 00:04:12

Health: -1/50      AC:  9    Str: 18    XL:     6   Next: 20%
Magic:  5/5        EV: 11    Int:  8    God:    Okawaru [......]
Gold:   222        SH:  0    Dex: 11    Spells: 5/5 levels left

rFire    . . .     SeeInvis .   z - +2 morningstar (holy)
rCold    . . .     Gourm    +   (no shield)
rNeg     . . .     Faith    .   m - +3 ring mail
rPois    .         Spirit   .   (helmet restricted)
rElec    .         Reflect  .   (no cloak)
rCorr    .         Harm     .   (no gloves)
MR       .....                  n - +0 pair of boots
Stlth    +.........             v - amulet of the gourmand
HPRegen  0.16/turn              (no ring)
MPRegen  0.09/turn              (no ring)

@: no status effects
A: retaliatory headbutt, horns 2
a: Renounce Religion


You were on level 5 of the Dungeon.
You worshipped Okawaru.
Okawaru was noncommittal.
You were not hungry.

You visited 2 branches of the dungeon, and saw 6 of its levels.

You collected 222 gold pieces.

Inventory:

Hand Weapons
 a - a +1 hand crossbow
 b - a +4 dagger
 z - a +2 morningstar of holy wrath (weapon)
Missiles
 d - 6 bolts
Armour
 m - a +3 ring mail (worn)
 n - a +0 pair of boots (worn)
Jewellery
 v - an amulet of the gourmand (around neck)
Wands
 x - a wand of enslavement (11)
Scrolls
 h - 3 scrolls of remove curse {unknown}
 i - 2 scrolls of teleportation {unknown}
 j - a scroll of immolation {unknown}
 k - a scroll of noise {unknown}
 p - 2 scrolls of identify
 r - a scroll of random uselessness {unknown}
 s - a scroll of enchant armour {unknown}
 u - a scroll of magic mapping {unknown}
 y - a scroll of amnesia {unknown}
Potions
 c - a potion of heal wounds
 e - 3 potions of flight {unknown}
 g - 3 potions of curing {unknown}
 l - a potion of magic {unknown}
 o - 2 potions of invisibility {unknown}
 q - a potion of cancellation {unknown}
 t - a potion of brilliance {unknown}
 w - a potion of berserk rage {unknown}
 A - a potion of mutation {unknown}
 B - a potion of agility {unknown}
Comestibles
 f - 9 rations


   Skills:
 - Level 2.4 Fighting
 + Level 8.3 Crossbows
 - Level 2.1 Dodging
 - Level 0.7 Stealth


You had 5 spell levels left.
You didn't know any spells.
Your spell library was empty.

Dungeon Overview and Level Annotations

Branches:
Dungeon (5/15)             Temple (1/1) D:4

Altars:
Cheibriados
Dithmenos
Fedhas
Gozag
Hepliaklqana
Kikubaaqudgha
Makhleb
Okawaru
Qazlal
Ru
Sif Muna
Trog
Vehumet
Yredelemnul
Zin

Annotations:
D:3 2 transporters, ThisFiasco's ghost, amateur DsFi


Innate Abilities, Weirdness & Mutations

You reflexively headbutt those who attack you in melee.
You have a pair of horns on your head.


Message History

The worker ant misses you. The worker ant bites you!
You puncture the worker ant!
You kill the worker ant!
Okawaru accepts your kill.
You hit the iguana.
The iguana is heavily wounded.
The iguana barely misses you. The iguana bites you!
* * * LOW HITPOINT WARNING * * *
You barely miss the iguana.
The iguana is heavily wounded.
The iguana completely misses you.
You hit the iguana. Your headbutt misses the iguana.
The iguana is almost dead.
The iguana bites you!
* * * LOW HITPOINT WARNING * * *
The iguana barely misses you.
You hit the iguana but do no damage.
The iguana is almost dead.
The iguana bites you.
You die... .....█..███.█ █.█ ██████......█ █.. ██+█████

█.█ █ ██...██ █.██.
██.....██ █...
██.......██ ██.██ █
███.........████...█.███
..'.........'...........
███.........███.@..█.█
██.....██████l████
██...██.≈....≈.█
██.██...≈..≈...█
███.≈..≈..≈$.≈.█
..≈..≈≈..≈..█
..████████...█ $ █..█
█≈.█


You could see an iguana.

Vanquished Creatures
  A howler monkey (D:4)
  An orc wizard (D:3)
  An orc priest (D:4)
  2 worker ants
  A hound skeleton (D:4)
  6 adders
  A shadow imp (D:4)
  An adder skeleton (D:4)
  2 worms
  3 dart slugs
  4 leopard geckos
  6 orcs
  7 bats
  5 giant cockroaches
  9 hobgoblins
  4 jackals (D:3)
  8 kobolds
  2 ball pythons
  3 frilled lizards
  6 goblins
  A leopard gecko skeleton (D:4)
  A quokka skeleton (D:4)
  7 rats
82 creatures vanquished.

Notes
Turn   | Place    | Note
-------+----------+-------------------------------------------
     0 | D:1      | nht the Minotaur Hunter began the quest for the Orb.
     0 | D:1      | Reached XP level 1. HP: 18/18 MP: 0/0
   107 | D:1      | Reached XP level 2. HP: 25/25 MP: 1/1
   128 | D:1      | Reached skill level 5 in Crossbows
   550 | D:2      | Reached XP level 3. HP: 29/30 MP: 2/2
   802 | D:2      | Reached skill level 6 in Crossbows
   825 | D:2      | Found a stormy altar of Qazlal.
   869 | D:2      | Reached XP level 4. HP: 24/37 MP: 3/3
   942 | D:2      | Found a stormy altar of Qazlal.
  1533 | D:3      | Reached skill level 7 in Crossbows
  1535 | D:3      | Reached XP level 5. HP: 37/42 MP: 4/4
  1769 | D:3      | Found a transporter.
  1769 | D:3      | Noticed ThisFiasco's ghost (amateur DsFi)
  1776 | D:3      | Found a transporter.
  2264 | D:4      | Found a sacrificial altar of Ru.
  2509 | D:4      | Reached skill level 8 in Crossbows
  2509 | D:4      | Reached XP level 6. HP: 47/50 MP: 5/5
  2514 | D:4      | Found a radiant altar of Vehumet.
  2822 | D:4      | Found a staircase to the Ecumenical Temple.
  2890 | D:4      | Found a shadowy altar of Dithmenos.
  3111 | Temple   | Entered the Ecumenical Temple
  3304 | Temple   | Became a worshipper of Warmaster Okawaru
  3359 | D:5      | Entered Level 5 of the Dungeon
  3385 | D:5      | Found a hazy altar of Hepliaklqana.
  3434 | D:5      | Slain by an iguana

Vault maps used:
D:1:      mainiacjoe_arrival_reflecting_pool
D:2:      nicolae_qazlal_general_emergency, first_ration,
          minmay_tree_intersection, st_stairs_1, minmay_hexomino_r4
D:3:      gammafunk_ghost_smash
D:4:      nicolae_ru_sacrificial_ziggurat, marbit_many_paths,
          minmay_temple_entry_mist, grunt_dithmenos_shadows
D:5:      lemuel_crystal_altar, old_standard_altar, nzn_random_ring
Temple:   minmay_temple_curvy_loop

Skill      XL: |  1  2  3  4  5 |
---------------+----------------+-----
Crossbows      | 5 6 7 8 |  8.3
Fighting       | |  2.4
Dodging        | |  2.1
Stealth        | |  0.7

Action                   |  1- 3 |  4- 6 || total
-------------------------+-------+-------++-------
Melee: Dagger            |     3 |   109 ||   112
       Headbutt          |       |    18 ||    18
       Morningstar       |       |    15 ||    15
 Fire: Hand crossbow     |    93 |    12 ||   105
  Use: Scroll            |       |     1 ||     1
       Potion            |       |     1 ||     1
  Eat: Chunk             |       |     5 ||     5
       Ration            |       |     1 ||     1
Armor: Ring mail         |    24 |    49 ||    73
Dodge: Dodged            |    20 |    73 ||    93

Table legend:
 A = Non-vault XP
 B = Vault XP
 C = Vault XP percentage of total XP
 D = Non-vault monster count
 E = Vault monster count
 F = Vault count percentage of total count
                 A         B        C        D         E       F
            +---------+---------+-------+---------+---------+-------
      Total |     329 |     124 |  27.4 |      71 |      11 |  13.4
            +---------+---------+-------+---------+---------+-------
        D:1 |      27 |       0 |   0.0 |      13 |       0 |   0.0
        D:2 |      55 |      23 |  29.5 |      25 |       8 |  24.2
        D:3 |     109 |       0 |   0.0 |      19 |       0 |   0.0
        D:4 |     124 |      68 |  35.4 |      12 |       2 |  14.3
        D:5 |      14 |      33 |  70.2 |       2 |       1 |  33.3
            +---------+---------+-------+---------+---------+-------
